 Dungeon Crawl Stone Soup version 0.25-a0-299-gced51cc (webtiles) character file.

Game seed: 6375527495221818845, levelgen mode: deterministic

9 15 the Conjurer (level 2, -2/15 HPs)
             Began as a Tengu Conjurer on Dec 19, 2019.
             Slain by a hobgoblin
             ... wielding a +0 club
              (4 damage)
             ... on level 1 of the Dungeon.
             The game lasted 00:01:37 (116 turns).

15 the Conjurer (Tengu Conjurer)                     Turns: 116, Time: 00:01:38

Health: -2/15      AC:  2    Str:  8    XL:     2   Next: 12%
Magic:  6/6        EV: 12    Int: 15    God:
Gold:   0          SH:  0    Dex: 14    Spells: 4/5 levels left

rFire    . . .     SeeInvis .   d - +0 club
rCold    . . .     Gourm    .   (no shield)
rNeg     . . .     Faith    .   a - +0 robe
rPois    .         Spirit   .   (helmet restricted)
rElec    .         Reflect  .   (no cloak)
rCorr    .         Harm     .   (no gloves)
MR       .....                  (boots unavailable)
Stlth    ++........             (no amulet)
HPRegen  0.05/turn              (no ring)
MPRegen  0.10/turn              (no ring)

@: no status effects
A: beak, talons 3
a: no special abilities


You were on level 1 of the Dungeon.
You were not hungry.

You visited 1 branch of the dungeon, and saw 1 of its levels.

Inventory:

Hand Weapons
 d - a +0 club (weapon)
Armour
 a - a +0 robe (worn)
Scrolls
 e - a scroll of fog {unknown}
 f - a scroll of teleportation {unknown}
Comestibles
 b - 5 chunks of flesh
 c - a ration


   Skills:
 * Level 2.2 Dodging
 + Level 2.0 Stealth
 + Level 0.1 Unarmed Combat
 * Level 2.0 Spellcasting
 * Level 5.9 Conjurations


You had 4 spell levels left.
You knew the following spells:

 Your Spells              Type           Power        Failure   Level  Hunger
a - Magic Dart            Conj           ###.         1%          1    #......

Your spell library contained the following spells:

 Spells                   Type           Power        Failure   Level  Hunger
 Searing Ray              Conj           ###...       3%          2    ###....
 Dazzling Flash           Conj/Hex       ##....       21%         3    ###....
 Fulminant Prism          Conj/Hex       ##........   54%         4    #####..
 Iskenderun's Mystic Bla  Conj/Tloc      ##......     54%         4    #####..


Dungeon Overview and Level Annotations

Branches:
Dungeon (1/15)

Altars:


Innate Abilities, Weirdness & Mutations

You have a beak for a mouth.
You have claws for feet.


Message History

The bat closely misses you.
You barely miss the bat. The bat barely misses you. x2
The bat closely misses you.
You hit the bat.
The bat is heavily wounded.
The bat barely misses you. The bat closely misses you.
You miss the bat. Your peck misses the bat.
The bat is heavily wounded.
The bat closely misses you. The bat barely misses you.
The bat closely misses you.
You hit the bat.
The bat is severely wounded.
The bat barely misses you. The bat misses you.
You hit the bat.
You kill the bat!
The hobgoblin closely misses you.
You hit the hobgoblin but do no damage. You claw the hobgoblin.
The hobgoblin is heavily wounded.
The hobgoblin hits you with a +0 club.
You die...

#............##
#####........#
######).......#
#.............#
#......÷.÷....#
#.............#
#.............#
########.........#####
#.....@gg........#
##.############...#
##......## #...#
#........## #...#
#..⌠......# #...#
#.........### #...#
#....<.∩..... ....#
#..........## ####
#..⌠.......#


You could see a hobgoblin and a goblin.

Vanquished Creatures
  A bat (D:1)
  A giant cockroach (D:1)
  A goblin (D:1)
  2 hobgoblins (D:1)
  A ball python (D:1)
  A frilled lizard (D:1)
  A rat (D:1)
8 creatures vanquished.

Notes
Turn   | Place    | Note
-------+----------+-------------------------------------------
     0 | D:1      | 15 the Tengu Conjurer began the quest for the Orb.
     0 | D:1      | Reached XP level 1. HP: 10/10 MP: 4/4
    72 | D:1      | Reached XP level 2. HP: 10/15 MP: 6/6
   116 | D:1      | Slain by a hobgoblin

Levels and vault maps discovered:
D:1:      wander_arrival_desolate, layout_basic

Action                   || total
-------------------------++-------
Melee: Club              ||    22
       Kick              ||     3
       Peck              ||     3
       Unarmed           ||     1
 Cast: Magic Dart        ||     4
Armor: Robe              ||    18
Dodge: Dodged            ||    50

Table legend:
 A = Non-vault XP
 B = Vault XP
 C = Vault XP percentage of total XP
 D = Non-vault monster count
 E = Vault monster count
 F = Vault count percentage of total count
                 A         B        C        D         E       F
            +---------+---------+-------+---------+---------+-------
      Total |      13 |       0 |   0.0 |       8 |       0 |   0.0
            +---------+---------+-------+---------+---------+-------
        D:1 |      13 |       0 |   0.0 |       8 |       0 |   0.0
            +---------+---------+-------+---------+---------+-------
